 Dungeon Sprint DCSS version 0.31-a0-37-g98a128e1d9 (webtiles) character file.

Game seed: 15351385016056782055

27 rocky1 the Digger (level 2, -1/15 HPs)
             Began as a Deep Elf Earth Elementalist on May 16, 2023.
             Was a Priest of Sif Muna.
             Slain by a wolf (6 damage)
             ... in the Dungeon (Sprint VII: "The Pits").
             The game lasted 00:01:10 (475 turns).

rocky1 the Digger (Deep Elf Earth Elementalist)      Turns: 475, Time: 00:01:11

Health: -1/15      AC:  2    Str:  5    XL:     2   Next: 93%
Magic:  6/9        EV: 12    Int: 19    God:    Sif Muna [***...]
Gold:   0          SH:  0    Dex: 15    Spells: 8/9 levels left

rFire   . . .        k - +2 quarterstaff (protect)
rCold   . . .        (shield currently unavailable)
rNeg    . . .        a - +0 robe
rPois   .            (no helmet)
rElec   .            (no cloak)
rCorr   .            (no gloves)
SInv    .            (no boots)
Will    .....        (no amulet)
Stlth   ++           (no ring)
HPRegen 0.22/turn    (no ring)
MPRegen 0.11/turn

%: no teleportation
@: no status effects
A: no striking features
a: Renounce Religion, Channel Magic, Forget Spell


You were in the Dungeon.
You worshipped Sif Muna.
Sif Muna was most pleased with you.
You visited 1 branch

Inventory:

Hand Weapons
 k - a +2 quarterstaff of protection (weapon)
 l - a +2 long sword of holy wrath
Armour
 a - a +0 robe (worn)
Scrolls
 g - a scroll of blinking
 i - 5 scrolls of amnesia
 j - a scroll of butterflies
Potions
 b - 5 potions of magic
 c - 6 potions of curing
 d - 6 potions of heal wounds
 e - a potion of haste
 f - 3 potions of berserk rage
 h - 2 potions of invisibility


   Skills:
 - Level 2.4 Dodging
 - Level 2.4 Stealth
 + Level 4.2 Spellcasting
 * Level 3.2 Conjurations
 + Level 2.4 Transmutations
 * Level 4.7 Earth Magic
 + Level 2.0 Invocations


You had 8 spell levels left.
You knew the following spells:

 Your Spells              Type           Power      Damage    Failure   Level
a - Sandblast             Erth           44%        2d11      1%          1

Your spell library contained the following spells:

 Spells                   Type           Power      Damage    Failure   Level
 Passwall                 Tmut/Erth      14%        N/A       4%          2
 Stone Arrow              Conj/Erth      38%        3d9       8%          3
 Petrify                  Tmut/Erth      17%        N/A       30%         4


Dungeon Overview and Level Annotations

Branches:
Dungeon (1/1)

Altars:
Ashenzari
Cheibriados
Dithmenos
Elyvilon
Fedhas
Gozag
Hepliaklqana
Kikubaaqudgha
Makhleb
Nemelex Xobeh
Okawaru
Qazlal
Ru
Sif Muna
Trog
Uskayaw
Vehumet
Wu Jian
Xom
Yredelemnul
Zin
The Shining One
Jiyva
Lugonu


Message History

a +0 flail; a gnoll corpse
There is an open door here.
You see here a +0 club.
There is an open door here.
You see here a quokka skeleton.
You open the door.
There is an open door here.
You open the door.
A ball python zombie comes into view.
A jackal and a wolf come into view.
There is an open door here.
Aiming: Sandblast (safe; 1% risk of failure)
Press: ? - help, Q - select action, (/) - cycle Shift-Dir - straight line, f - jackal
Aim: a jackal (asleep, 100% to hit)
The blast of sand hits the jackal.
The jackal is heavily wounded.
The jackal barks!
You hear a bark! x2
A wolf comes into view.
A jackal comes into view. x2
The wolf howls!
A river rat comes into view.
The jackal closely misses you.
Aiming: Sandblast (safe; 1% risk of failure)
Press: ? - help, Q - select action, (/) - cycle Shift-Dir - straight line, f/p - jackal
Aim: a jackal (heavily wounded, 79% to hit)
The blast of sand hits the wolf but does no damage.
The wolf closely misses you.
Unknown command.
Okay, then.
Aiming: Sandblast (safe; 1% risk of failure)
Press: ? - help, Q - select action, (/) - cycle Shift-Dir - straight line, f/p - jackal
Aim: a jackal (heavily wounded, 79% to hit)
The blast of sand misses the wolf.
The blast of sand hits the jackal!
You kill the jackal!
Sif Muna accepts your kill.
You can now freely open your mind to new spells.
The wolf bites you!
Ouch! That really hurt!
The wolf bites you.
You die...

##########.##.....
#...........'.....
#'#####÷#####.....
#.#..#..#..##.....
#.#..)..)..#####'#
#.##)####+###.....
#.#.†......##.....
#.#..†.....##.....
#@#####'#####...<.
#h#....))[.##.....
#.#...)).[.##.....
#h###########.....
#h.# ###### #hr..
##.#h# .....
.#.#.#


You could see 2 wolves, a river rat and 2 jackals.

Vanquished Creatures
  2 gnolls (D)
  A bat skeleton (D)
  An endoplasm (D)
  A giant cockroach (D)
  A jackal (D)
  A quokka (D)
  A ball python (D)
  A goblin (D)
  A quokka skeleton (D)
  A rat (D)
11 creatures vanquished.

Notes
Turn   | Place    | Note
-------+----------+-------------------------------------------
     0 | D        | rocky1 the Deep Elf Earth Elementalist began the quest for
                  | the Orb.
     0 | D        | Reached XP level 1. HP: 10/10 MP: 6/6
    14 | D        | Reached skill level 1 in Conjurations
    18 | D        | Found a bloodstained altar of Trog.
    18 | D        | Found a shimmering blue altar of Sif Muna.
    18 | D        | Found a viscous altar of Jiyva.
    18 | D        | Found a hazy altar of Hepliaklqana.
    18 | D        | Found an opulent altar of Gozag.
    19 | D        | Found a glowing golden altar of the Shining One.
    19 | D        | Found a glowing silver altar of Zin.
    19 | D        | Found a basalt altar of Yredelemnul.
    19 | D        | Found a shimmering altar of Xom.
    19 | D        | Found an ornate altar of the Wu Jian Council.
    19 | D        | Found a sacrificial altar of Ru.
    19 | D        | Found a stormy altar of Qazlal.
    19 | D        | Found an iron altar of Okawaru.
    19 | D        | Found a sparkling altar of Nemelex Xobeh.
    19 | D        | Found a burning altar of Makhleb.
    19 | D        | Found a blossoming altar of Fedhas.
    19 | D        | Found a white marble altar of Elyvilon.
    19 | D        | Found a shadowy altar of Dithmenos.
    19 | D        | Found a snail-covered altar of Cheibriados.
    22 | D        | Found a corrupted altar of Lugonu.
    22 | D        | Found a radiant altar of Vehumet.
    23 | D        | Found an ancient bone altar of Kikubaaqudgha.
    23 | D        | Found a hide-covered altar of Uskayaw.
    23 | D        | Found a broken altar of Ashenzari.
    26 | D        | Became a worshipper of Sif Muna the Loreminder
   100 | D        | Reached * piety under Sif Muna
   101 | D        | Reached skill level 1 in Invocations
   123 | D        | Reached XP level 2. HP: 15/15 MP: 4/8
   268 | D        | Reached ** piety under Sif Muna
   469 | D        | Noticed a wolf
   470 | D        | Noticed a wolf
   475 | D        | Reached *** piety under Sif Muna
   475 | D        | Slain by a wolf

Illustrated notes

Levels and vault maps discovered:
D:        pitsprint [storerooms_1, entrance_room_1, metal_vault_3, armoury_1,
          mini_pit_1, grid_room_1, main_hall_1, silver_pit, the_coven_1,
          the_vestibule_1, steel_vault_3, golden_pit, hallway_of_sentries,
          crystal_vault_4, iron_vault_1, final_vault]

Skill      XL: |  1  2 |
---------------+-------+-----
Conjurations   | 2 3 |  3.2
Invocations    | 1 2 |  2.0
Transmutations | 2 |  2.4
Earth Magic    | 4 |  4.7
Spellcasting   | 4 |  4.2
Dodging        | |  2.4
Stealth        | |  2.4

Action                     || total
---------------------------++-------
  Melee: Unarmed           ||     2
   Cast: Sandblast         ||    18
 Armour: Robe              ||     1
  Dodge: Dodged            ||     7

Table legend: (Time is in decaauts)
 A = Elapsed time spent in this place.
 B = Non-inter-level travel time spent in this place.
 C = Inter-level travel time spent in this place.
 D = Time resting spent in this place.
 E = Time spent auto-exploring this place.
 F = Levels seen in this place.
 G = Mean time per level.
                   A        B        C        D        E       F      G
               +--------+--------+--------+--------+--------+-----+--------+
         Total |    483 |    470 |     13 |    336 |      0 |   1 |  483.0 |
       Dungeon |    483 |    470 |     13 |    336 |      0 |   1 |  483.0 |
               +--------+--------+--------+--------+--------+-----+--------+

Top non-repeatable levels by time:
       D: 483 daAuts
